 Dungeon Crawl Stone Soup version 0.22.1-1-ga44c0e5 (webtiles) character file.

103578 Garbasso the Severer (level 15, 0/122 HPs)
             Began as a Demonspawn Fighter on Oct 11, 2018.
             Was the Champion of Makhleb.
             Killed from afar by a ynoxinul (13 damage)
             ... with an iron shot
             ... on level 2 of the Abyss.
             The game lasted 01:46:38 (31157 turns).

Garbasso the Severer (Demonspawn Fighter)          Turns: 31157, Time: 01:46:39

Health: 0/122      AC: 23    Str: 23      XL:     15   Next: 89%
Magic:  22/22      EV: 10    Int: 13      God:    Makhleb [******]
Gold:   1635       SH: 16    Dex: 12 (13) Spells: 3/14 levels left

rFire    + + .     SeeInvis .   M - +2 broad axe (chop)
rCold    . . .     Gourm    .   c - +0 shield
rNeg     . . .     Faith    .   F - +8 chain mail of Knowledge {rElec MR+}
rPois    +         Spirit   .   (helmet restricted)
rElec    +         Reflect  +   Y - +2 cloak
rCorr    .         Harm     .   (no gloves)
MR       ++...                  (boots unavailable)
Stlth    ..........             O - +4 amulet of reflection
HPRegen  0.30/turn              G - ring of poison resistance
MPRegen  0.18/turn              q - +4 ring of strength

@: no status effects
A: antennae 1, fangs 1, talons 3, repulsion field 2, demonic guardian 2,
deterioration 1, dopey 1, fire resistance 2, strong 1, augmentation 1, flame
cloud immunity
a: Minor Destruction, Lesser Servant of Makhleb, Major Destruction, Greater
Servant of Makhleb, Renounce Religion


You were on level 2 of the Abyss.
You worshipped Makhleb.
Makhleb was exalted by your worship.
You were not hungry.

You visited 4 branches of the dungeon, and saw 22 of its levels.
You visited the Abyss 1 time.
You also visited: Sewer.

You collected 2009 gold pieces.
You spent 374 gold pieces at shops.

Inventory:

Hand Weapons
 a - a +0 morningstar
 M - a +2 broad axe of chopping (weapon)
Missiles
 m - 9 javelins
 D - 4 poisoned tomahawks (quivered)
 U - 2 throwing nets
Armour
 c - a +0 shield (worn)
 F - the +8 chain mail of Knowledge (worn) {rElec MR+}
   (You found it on level 8 of the Dungeon)

   It insulates you from electricity.
   It affects your resistance to hostile enchantments.
 R - a +0 cloak
 V - the +2 helmet "Posmudui" {rF+ Str+2}
   (You found it on level 5 of the Lair of Beasts)

   It affects your strength (+2).
   It protects you from fire.
 Y - a +2 cloak (worn)
Magical Staves
 K - an uncursed staff of wizardry
Jewellery
 l - an uncursed ring of wizardry
 n - an uncursed ring of resist corrosion
 q - a +4 ring of strength (right hand)
 y - an uncursed ring of positive energy
 A - an uncursed ring of flight
 G - a ring of poison resistance (left hand)
 O - a +4 amulet of reflection (around neck)
 Q - an uncursed ring of ice
Wands
 k - a wand of disintegration (8)
 o - a wand of flame (62)
 t - a wand of polymorph (26)
 L - a wand of paralysis (26)
 P - a wand of enslavement (11)
 S - a wand of acid (6)
 W - a wand of iceblast (4)
 X - a wand of scattershot (1)
Scrolls
 b - 5 scrolls of enchant weapon
 e - 2 scrolls of immolation
 g - 6 scrolls of fog
 h - 11 scrolls of teleportation
 r - 5 scrolls of remove curse
 s - 3 scrolls of magic mapping
 w - 14 scrolls of identify
 E - 2 scrolls of fear
 H - a scroll of torment
 I - 4 scrolls of amnesia
Potions
 d - 6 potions of brilliance
 i - 7 potions of lignification
 j - 2 potions of flight
 p - a potion of resistance
 u - 6 potions of might
 v - 4 potions of magic
 x - a potion of haste
 C - 3 potions of curing
 J - 6 potions of agility
 T - 2 potions of cancellation
Miscellaneous
 N - a phial of floods (inert)
Comestibles
 f - 40 rations


   Skills:
 + Level 12.3 Fighting
 * Level 15.1 Axes
 + Level 10.5 Armour
 + Level 11.4 Shields
 + Level 9.5 Summonings
 + Level 10.5 Invocations


You had 3 spell levels left.
You knew the following spells:

 Your Spells              Type           Power        Failure   Level  Hunger
a - Call Canine Familiar  Summ           ###.....     16%         3    ####...
b - Summon Ice Beast      Ice/Summ       ##......     98%         4    #####..
c - Summon Lightning Spi  Summ/Air       ##......     98%         4    #####..

Your spell library contained the following spells:

 Spells                   Type           Power        Failure   Level  Hunger
 Summon Small Mammal      Summ           ###.         5%          1    ##.....
 Call Imp                 Summ           ###.....     9%          2    ###....
 Summon Guardian Golem    Hex/Summ       ##......     75%         3    ####...
 Animate Skeleton         Necr           N/A          95%         1    ##.....
 Apportation              Tloc           #.....       95%         1    ##.....
 Confusing Touch          Hex            #.....       95%         1    ##.....
 Infusion                 Chrm           #...         95%         1    ##.....
 Magic Dart               Conj           #...         95%         1    ##.....
 Pain                     Necr           #...         95%         1    ##.....
 Sting                    Conj/Pois      #...         95%         1    ##.....
 Blink                    Tloc           N/A          99%         2    ###....
 Poisonous Vapours        Pois/Air       #.....       99%         2    ###....
 Shroud of Golubria       Chrm/Tloc      #.........   99%         2    ###....
 Slow                     Hex            #.......     99%         2    ###....
 Song of Slaying          Chrm           #.......     99%         2    ###....
 Conjure Flame            Conj/Fire      #.......     100%        3    ####...
 Mephitic Cloud           Conj/Pois/Air  #.......     100%        3    ####...
 Regeneration             Chrm/Necr      #.........   100%        3    ####...
 Spectral Weapon          Hex/Chrm       #.......     100%        3    ####...
 Vampiric Draining        Necr           #.........   100%        3    ####...
 Animate Dead             Necr           N/A          100%        4    #####..
 Olgreb's Toxic Radiance  Pois           #.......     100%        4    #####..
 Venom Bolt               Conj/Pois      #.........   100%        5    ######.


Dungeon Overview and Level Annotations

Branches:
Dungeon (13/15)            Temple (1/1) D:7            Lair (6/6) D:11
 Shoals (0/4) Lair:2        Snake (0/4) Lair:2        Slime (0/5) Lair:6
    Orc (2/2) D:10            Elf (0/3) Orc:2        Vaults (0/5) D:13

Altars:
Ashenzari
Cheibriados
Dithmenos
Elyvilon
Fedhas
Gozag
Hepliaklqana
Makhleb
Nemelex Xobeh
Okawaru
Qazlal
Ru
Sif Muna
Uskayaw
Vehumet
Wu Jian
Xom
Yredelemnul
Zin
The Shining One
Beogh
Jiyva

Shops:
D:5 ?   D:6 !   D:7 (   D:9 ?}[?!   D:10 =   Orc:2 [=

Annotations:
D:7 3 runed doors, Tommers's ghost, novice OgWz
Lair:3 3 runed doors, ThyNameIsHubris's ghost, journeyman VSAs
Lair:6 exclusion: door
Orc:2 Saint Roka


Innate Abilities, Weirdness & Mutations

You have claws for feet.
You are surrounded by a moderate repulsion field. (EV +3)
A demonic guardian rushes to your aid.
Your flesh is very heat resistant. (rF++)
Your magical and physical power is slightly enhanced at high health.
You are immune to clouds of flame.
You have a pair of small antennae on your head.
You have very sharp teeth.
Your body sometimes deteriorates upon taking damage.
You are dopey. (Int -2)
Your muscles are strong. (Str +2)


Message History

The ufetubus hits you but does no damage.
You barely miss the ufetubus. Your kick misses the ufetubus.
Your soul eater disappears in a puff of smoke!
The ufetubus hits you but does no damage.
You block the ufetubus's attack.
You slice the ufetubus!!
You kill the ufetubus!
You hit the ufetubus but do no damage. You claw the ufetubus.
The ufetubus is heavily wounded.
You block the ufetubus's attack. x2
The ynoxinul gestures at you. The iron shot hits you!
* * * LOW HITPOINT WARNING * * *
The ufetubus closely misses you. You block the ufetubus's attack.
You closely miss the ynoxinul.
You bite the ynoxinul, but do no damage.
You barely miss the ufetubus. You block the ufetubus's attack. x2
The ynoxinul gestures at you. The iron shot hits you!
You die...

≈≈ . .#. #
≈≈. #.# .#
. ≈≈≈#. #.
## ≈ .# ...
##.#. ≈ #
#..# # # #
### ....#
#. # # .
#.#.##....
#... # ..
#.#...# ..
#. ##.#5@3#
. .§#
##55####
..#. .. #
###.# #.#.
# #. .#. .
##.
##.#..#.5#
#..###.
.....#..
##.........
.# #5# .#
#.##.#..##.
# .3 #.
#.#..#. .5
5 .


You could see a ynoxinul and 3 ufetubi.

Vanquished Creatures
  A profane servitor (Abyss:2)
  Rupert (D:12)
  3 tentacled starspawn (Abyss:2)
  A nagaraja (Abyss:2)
  An angel (Abyss:2)
  The ghost of OwlQaeda the Grappler, a journeyman TrMo of Jiyva (Lair:6)
  An ophan (Abyss:2)
  A black draconian (Abyss:2)
  Azrael (D:12)
  Josephine (D:13)
  A great orb of eyes (Abyss:2)
  6 hydras
  A catoblepas (Lair:6)
  3 two-headed ogres
  A dancing weapon (Abyss:2)
  2 death yaks (D:11)
  A tengu warrior (D:12)
  Urug (Lair:3)
  3 thrashing horrors (Abyss:2)
  Nergalle (Lair:2)
  A shadow wraith (Abyss:2)
  A sixfirhy (Abyss:2)
  A glowing orange brain (Abyss:2)
  A spatial maelstrom (Abyss:2)
  A wizard (Lair:6)
  4 orc knights
  4 orc sorcerers (Orc:2)
  2 cyclopes (Orc:1)
  2 ugly things
  2 worldbinders (Abyss:2)
  A guardian serpent (Abyss:2)
  2 apocalypse crabs
  Maurice (D:8)
  2 elephants
  3 black mambas
  4 smoke demons (Abyss:2)
  11 spiny frogs
  2 orange demons (Abyss:2)
  3 rime drakes
  A kobold demonologist (D:12)
  3 demonic crawlers (Abyss:2)
  A yaktaur (D:13)
  6 komodo dragons
  An efreet (Abyss:2)
  13 large abominations (Abyss:2)
  A queen bee (Lair:5)
  2 trolls
  2 meliai (Lair:5)
  A polar bear (Lair:6)
  A tyrant leech (Abyss:2)
  7 raiju (Abyss:2)
  5 hippogriffs
  2 dream sheep (Lair:6)
  3 blink frogs (Lair:1)
  5 flying skulls (Abyss:2)
  A ynoxinul (Abyss:2)
  An ettin skeleton (Abyss:2)
  10 small abominations (Abyss:2)
  A redback (Abyss:2)
  14 yaks
  3 spriggans
  3 hogs (D:13)
  2 wyverns
  A fire dragon skeleton (Abyss:2)
  A water elemental (D:12)
  4 wraiths
  A basilisk (Lair:1)
  Eustachio (D:4)
  14 humans (D:13)
  4 fire elementals
  A chaos spawn (Abyss:2)
  A hungry ghost (Abyss:2)
  3 neqoxecs (Abyss:2)
  A golden eye (Abyss:2)
  3 spatial vortices (Abyss:2)
  2 nagas (Lair:2)
  7 wargs
  2 hell hounds
  6 porcupines
  10 water moccasins
  35 orc warriors
  2 black bears
  A spiny frog skeleton (Abyss:2)
  15 ogres
  2 sky beasts
  An eye of draining (Abyss:2)
  A necrophage (D:9)
  An ice beast (D:7)
  An eye of draining (shapeshifter) (Abyss:2)
  4 phantoms
  5 wolves (Lair:5)
  5 centaurs
  7 crocodiles
  4 big kobolds
  8 bullfrogs
  4 scorpions
  20 killer bees
  4 electric eels
  2 wights (D:11)
  4 howler monkeys
  5 crimson imps
  5 quasits
  16 starcursed masses (Abyss:2)
  3 bullfrog zombies
  3 jellies
  2 centaur zombies
  19 orc priests
  4 bullfrog skeletons
  5 hounds
  An iron imp (Abyss:2)
  2 centaur skeletons (D:6)
  An iguana (D:7)
  Natasha (twice) (D:3 D:4)
  13 orc wizards
  6 worker ants
  A hound zombie (D:5)
  A hound skeleton (D:5)
  A worker ant zombie (D:8)
  A howler monkey zombie (D:8)
  20 adders
  4 river rats (Sewer)
  4 shadow imps
  2 white imps (Abyss:2)
  An ufetubus (Abyss:2)
  An adder zombie (D:6)
  An adder skeleton (D:5)
  4 worms
  3 leopard geckos
  104 orcs
  12 ball pythons
  7 giant cockroaches
  7 hobgoblins
  24 jackals
  18 kobolds
  4 quokkas
  7 bats
  5 frilled lizards
  5 goblins
  A jackal skeleton (D:6)
  A quokka skeleton (D:5)
  30 rats
  A fungus (Lair:5)
  A lurking horror (Abyss:2)
  A starspawn tentacle (Abyss:2)
716 creatures vanquished.

Vanquished Creatures (collateral kills)
  A bone dragon (Abyss:2)
  A tentacled monstrosity (Abyss:2)
  Kirke (D:13)
  A daeva (Abyss:2)
  An orc warlord (Orc:2)
  Nessos (D:13)
  A rakshasa (Abyss:2)
  6 hydras
  A catoblepas (Lair:6)
  A two-headed ogre (D:11)
  5 death yaks (D:11)
  A thrashing horror (Abyss:2)
  Sonja (D:12)
  A titan skeleton (Abyss:2)
  A spatial maelstrom (Abyss:2)
  A deep elf archer (Abyss:2)
  2 orc knights
  A wolf spider (Abyss:2)
  A deep elf mage (D:12)
  An iron dragon zombie (Abyss:2)
  2 orc sorcerers
  An ugly thing (D:12)
  5 elephants (Lair:4)
  Joseph (D:7)
  A smoke demon (Abyss:2)
  2 spiny frogs
  A hellwing (Abyss:2)
  2 komodo dragons
  2 trolls (Orc:2)
  A meliai (Lair:5)
  4 blink frogs (Lair:1)
  A raiju (Abyss:2)
  2 dream sheep (Lair:6)
  3 hippogriffs
  2 starcursed masses (Abyss:2)
  6 spriggans
  3 yaks
  2 humans (D:13)
  A golden eye (Abyss:2)
  A spatial vortex (Abyss:2)
  A small abomination (Abyss:2)
  2 water moccasins
  6 orc warriors
  An ogre (D:5)
  2 crocodiles
  5 bullfrogs
  8 killer bees
  2 wights (D:11)
  2 orc priests
  An orc wizard (Orc:1)
  2 iron imps (Abyss:2)
  An iguana (D:5)
  Ijyb (D:5)
  Natasha (D:3)
  An adder (D:9)
  A white imp (Abyss:2)
  An ufetubus (Abyss:2)
  11 orcs
  2 starspawn tentacles (Abyss:2)
124 creatures vanquished.

Vanquished Creatures (others)
  A large abomination (Abyss:2)
  A fungus (Lair:3)
  2 plants (Abyss:2)
  9 starspawn tentacles (Abyss:2)
13 creatures vanquished.

Grand Total: 853 creatures vanquished

Notes
Turn   | Place    | Note
-------+----------+-------------------------------------------
     0 | D:1      | Garbasso the Demonspawn Fighter began the quest for the
                  | Orb.
     0 | D:1      | Reached XP level 1. HP: 18/18 MP: 1/1
    40 | D:1      | Reached skill level 2 in Axes
   283 | D:1      | Gained mutation: A weak demonic guardian rushes to your
                  | aid. [demonic ancestry]
   283 | D:1      | Reached XP level 2. HP: 20/24 MP: 2/2
   891 | D:2      | Found a faded altar of an unknown god.
  1087 | D:2      | Reached XP level 3. HP: 29/29 MP: 3/3
  1604 | D:2      | Reached skill level 3 in Axes
  1605 | D:2      | Reached XP level 4. HP: 25/35 MP: 4/4
  1891 | D:2      | Found a blossoming altar of Fedhas.
  2202 | D:3      | Noticed Natasha
  2214 | D:3      | Killed Natasha
  2308 | D:3      | Noticed Natasha
  2316 | D:3      | Killed Natasha
  2461 | D:3      | Gained mutation: Your flesh is heat resistant. (rF+)
                  | [demonic ancestry]
  2461 | D:3      | Reached XP level 5. HP: 42/42 MP: 5/5
  3107 | D:4      | Noticed Eustachio
  3143 | D:4      | Killed Eustachio
  3143 | D:4      | Reached skill level 4 in Axes
  3311 | D:4      | Gained mutation: You are surrounded by a mild repulsion
                  | field. (EV +2) [demonic ancestry]
  3311 | D:4      | Reached XP level 6. HP: 48/48 MP: 6/6
  3330 | D:4      | Found an opulent altar of Gozag.
  3347 | D:4      | Noticed Natasha
  3382 | D:4      | Killed Natasha
  3669 | D:4      | Found a shadowy altar of Dithmenos.
  3669 | D:4      | Found a glowing silver altar of Zin.
  3713 | D:4      | Found a glowing drain.
  3733 | Sewer    | Entered a sewer
  4202 | Sewer    | Reached skill level 5 in Axes
  4404 | Sewer    | Gained mutation: You have sharp toenails. [demonic
                  | ancestry]
  4404 | Sewer    | Reached XP level 7. HP: 34/55 MP: 7/7
  5145 | D:4      | Reached skill level 5 in Fighting
  5211 | D:5      | Entered Level 5 of the Dungeon
  5292 | D:5      | Found Kimuqit's Magic Scroll Shoppe.
  5298 | D:5      | Bought a scroll of remove curse for 30 gold pieces
  5526 | D:5      | Reached skill level 6 in Axes
  5653 | D:5      | Noticed Ijyb
  5656 | D:5      | Reached skill level 5 in Shields
  5656 | D:5      | Gained mutation: You have razor-sharp toenails. [demonic
                  | ancestry]
  5656 | D:5      | Reached XP level 8. HP: 61/63 MP: 8/8
  5665 | D:5      | Killed Ijyb
  6358 | D:6      | Reached skill level 7 in Axes
  6760 | D:6      | Found Xeefaytt's Distillery.
  6769 | D:6      | Bought a potion of curing for 33 gold pieces
  6769 | D:6      | Bought a potion of degeneration for 11 gold pieces
  6769 | D:6      | Bought a potion of heal wounds for 55 gold pieces
  7144 | D:7      | Gained mutation: A demonic guardian rushes to your aid.
                  | [demonic ancestry]
  7144 | D:7      | Reached XP level 9. HP: 56/71 MP: 9/9
  7435 | D:7      | Reached skill level 8 in Axes
  7454 | D:7      | Noticed Joseph
  7461 | D:7      | Killed Joseph
  7679 | D:7      | Found Jiwnazuy's Weapon Shoppe.
  7764 | D:7      | Found a runed gate.
  7765 | D:7      | Found a runed gate.
  7766 | D:7      | Found a runed gate.
  7969 | D:7      | Noticed Tommers's ghost (novice OgWz)
  8185 | D:7      | Found a staircase to the Ecumenical Temple.
  8210 | Temple   | Entered the Ecumenical Temple
  8954 | D:8      | Got a heavily runed chain mail
  9268 | D:8      | Found a white marble altar of Elyvilon.
  9441 | D:8      | Noticed Maurice
  9490 | D:8      | Killed Maurice
  9490 | D:8      | Reached skill level 9 in Axes
  9927 | D:5      | Bought a scroll of remove curse for 30 gold pieces
  9927 | D:5      | Bought a scroll of remove curse for 30 gold pieces
  9942 | D:5      | Identified the +8 chain mail of Knowledge {rElec MR+} (You
                  | found it on level 8 of the Dungeon)
 10034 | D:9      | Found Zuxuet's Magic Scroll Shoppe.
 10041 | D:9      | Bought a scroll of identify for 26 gold pieces
 10041 | D:9      | Bought a scroll of remove curse for 39 gold pieces
 10117 | D:9      | Found Jiararchuo's Gadget Shop.
 10151 | D:9      | Found Kual's Armour Shoppe.
 10172 | D:9      | Reached XP level 10. HP: 76/79 MP: 10/10
 10245 | D:9      | Found a shattered altar of Ashenzari.
 10365 | D:9      | Reached skill level 5 in Armour
 10739 | D:9      | Found Iduunet's Distillery.
 10745 | D:9      | Bought a potion of curing for 45 gold pieces
 10872 | D:9      | Found Duatz's Magic Scroll Boutique.
 10875 | D:9      | Bought a scroll of enchant weapon for 75 gold pieces
 10906 | D:10     | Entered Level 10 of the Dungeon
 11249 | D:10     | Found Wipeq's Jewellery Boutique.
 11809 | D:10     | Noticed an orc knight
 12724 | D:10     | Found a roughly hewn altar of Beogh.
 12726 | D:10     | Found a staircase to the Orcish Mines.
 13180 | D:10     | Killed an orc knight
 13180 | D:10     | Reached skill level 10 in Axes
 13606 | Temple   | Learned a level 3 spell: Call Canine Familiar
 13611 | Temple   | Learned a level 4 spell: Summon Ice Beast
 14066 | D:11     | Found a staircase to the Lair.
 14067 | D:11     | Noticed a death yak
 14067 | D:11     | Noticed an eight-headed hydra
 14067 | D:11     | Noticed a two-headed ogre
 14067 | D:11     | Noticed a death yak
 14094 | D:12     | Noticed a purple ugly thing
 14104 | D:12     | Killed a purple ugly thing
 14104 | D:12     | Reached skill level 1 in Summonings
 14276 | D:12     | Noticed a white ugly thing
 14300 | D:12     | Killed a white ugly thing
 14596 | D:12     | Noticed a tengu warrior
 14615 | D:12     | Killed a tengu warrior
 14615 | D:12     | Gained mutation: You have claws for feet. [demonic
                  | ancestry]
 14615 | D:12     | Reached XP level 11. HP: 74/87 MP: 11/11
 14703 | D:12     | Noticed Sonja
 14718 | D:12     | Noticed a two-headed ogre
 14884 | D:12     | Noticed Azrael
 14899 | D:12     | Killed Azrael
 15276 | D:12     | Killed a two-headed ogre
 15642 | D:12     | Noticed a deep elf mage
 15648 | D:12     | Killed a deep elf mage
 15648 | D:12     | Reached skill level 11 in Axes
 15710 | D:12     | Noticed Rupert
 15722 | D:12     | Killed Rupert
 16014 | D:12     | Killed Sonja
 16056 | D:11     | Killed an eight-headed hydra
 16061 | D:11     | Killed a two-headed ogre
 16064 | D:11     | Killed a death yak
 16220 | D:11     | Noticed a death yak
 16221 | D:11     | Noticed a death yak
 16221 | D:11     | Noticed a death yak
 16222 | D:11     | Noticed a death yak
 16222 | D:11     | Noticed a death yak
 16234 | D:11     | Killed a death yak
 16240 | D:11     | Killed a death yak
 16253 | D:11     | Killed a death yak
 16253 | D:11     | Gained mutation: You are immune to clouds of flame.
                  | [demonic ancestry]
 16253 | D:11     | Reached XP level 12. HP: 39/96 MP: 12/12
 16261 | D:11     | Killed a death yak
 16638 | D:11     | Killed a death yak
 16642 | D:11     | Killed a death yak
 17030 | Lair:1   | Entered Level 1 of the Lair of Beasts
 17129 | Temple   | Became a worshipper of Makhleb the Destroyer
 17458 | Lair:1   | Noticed a seven-headed hydra
 17468 | Lair:1   | HP: 4/97 [seven-headed hydra (11)]
 17469 | Lair:1   | Killed a seven-headed hydra
 17541 | D:11     | Reached skill level 5 in Summonings
 17955 | Lair:1   | Reached skill level 12 in Axes
 18085 | Lair:1   | Noticed an eight-headed hydra
 18097 | Lair:1   | Killed an 11-headed hydra
 18365 | Lair:1   | Reached skill level 1 in Invocations
 18410 | Lair:1   | Noticed a six-headed hydra
 18422 | Lair:1   | Killed a six-headed hydra
 18503 | Lair:1   | Reached * piety under Makhleb
 18503 | Lair:1   | Reached skill level 10 in Fighting
 19206 | Lair:2   | Found a staircase to the Shoals.
 19358 | Lair:2   | Noticed Nergalle
 19370 | Lair:2   | Killed Nergalle
 19485 | Lair:2   | Found a staircase to the Snake Pit.
 19639 | Lair:2   | Found a labyrinth entrance.
 20238 | Lair:3   | Noticed Urug
 20239 | Lair:3   | Noticed a seven-headed hydra
 20258 | Lair:3   | Killed Urug
 20269 | Lair:3   | Killed a seven-headed hydra
 20733 | Lair:3   | Noticed ThyNameIsHubris's ghost (journeyman VSAs)
 20754 | Lair:3   | Found a runed gate.
 20754 | Lair:3   | Found a runed gate.
 20754 | Lair:3   | Found a runed gate.
 21313 | Lair:3   | Gained mutation: Your magical and physical power is
                  | slightly enhanced at high health. [demonic ancestry]
 21313 | Lair:3   | Reached XP level 13. HP: 103/103 MP: 15/15
 22881 | Lair:4   | Reached ** piety under Makhleb
 23317 | Lair:5   | Got a spiked helmet
 23328 | Lair:5   | Identified the +2 helmet "Posmudui" {rF+ Str+2} (You found
                  | it on level 5 of the Lair of Beasts)
 23535 | Lair:5   | Reached skill level 5 in Invocations
 23652 | Lair:5   | HP: 5/104 [meliai/divine providence (10)]
 24046 | Lair:6   | Entered Level 6 of the Lair of Beasts
 24085 | Lair:6   | Found a staircase to the Slime Pits.
 24085 | Lair:6   | Found a viscous altar of Jiyva.
 24160 | Lair:6   | Reached skill level 13 in Axes
 24638 | Lair:6   | Reached *** piety under Makhleb
 24992 | Lair:6   | Reached skill level 10 in Shields
 25404 | Lair:6   | Found a runed door.
 25404 | Lair:6   | Noticed OwlQaeda's ghost (journeyman TrMo)
 25428 | Lair:6   | Killed OwlQaeda's ghost
 25968 | Orc:1    | Entered Level 1 of the Orcish Mines
 26027 | Orc:1    | Reached XP level 14. HP: 105/111 MP: 19/19
 26325 | Orc:2    | Entered Level 2 of the Orcish Mines
 26526 | Orc:2    | Reached **** piety under Makhleb
 26686 | Orc:2    | Found Lyname's Jewellery Boutique.
 27072 | Orc:2    | Got a steaming scale mail
 27083 | Orc:2    | Identified the +1 scale mail "Dulunnun" {rPois MR+ Int+2
                  | Stlth-} (You found it on level 2 of the Orcish Mines)
 27266 | Orc:1    | Reached ***** piety under Makhleb
 27494 | Orc:2    | Found a roughly hewn altar of Beogh.
 27515 | Orc:2    | Noticed an orc warlord
 27545 | Orc:2    | Killed an orc warlord
 27942 | Orc:2    | Found Ahowekky's Antique Armour Shop.
 28226 | Orc:2    | Found a staircase to the Elven Halls.
 28375 | Orc:2    | Learned a level 4 spell: Summon Lightning Spire
 28422 | Orc:2    | Noticed Saint Roka
 28436 | Orc:2    | HP: 3/113 [Saint Roka/divine providence (10)]
 28964 | D:13     | Noticed Kirke
 28977 | D:13     | Killed Kirke
 29026 | D:13     | Noticed Nessos
 29218 | D:13     | Killed Nessos
 29313 | D:13     | Noticed Josephine
 29325 | D:13     | Killed Josephine
 29583 | D:13     | Reached skill level 14 in Axes
 29844 | D:13     | Found a gate to the Vaults.
 29848 | D:13     | Cast into level 2 of the Abyss (a wizard)
 29884 | Abyss:2  | Noticed a starcursed mass
 29971 | Abyss:2  | Noticed a bone dragon
 30006 | Abyss:2  | Killed a bone dragon
 30059 | Abyss:2  | Gained mutation: Scrolls take you a little longer to read.
                  | [a neqoxec]
 30070 | Abyss:2  | Noticed a tentacled starspawn
 30079 | Abyss:2  | Killed a tentacled starspawn
 30121 | Abyss:2  | Noticed an ophan
 30140 | Abyss:2  | Killed an ophan
 30162 | Abyss:2  | Gained mutation: You do not regenerate when monsters are
                  | visible. [a neqoxec]
 30181 | Abyss:2  | Gained mutation: You are surrounded by a moderate repulsion
                  | field. (EV +3) [demonic ancestry]
 30181 | Abyss:2  | Reached XP level 15. HP: 118/120 MP: 10/21
 30308 | Abyss:2  | Found a sacrificial altar of Ru.
 30318 | Abyss:2  | Found a corrupted altar of Lugonu.
 30336 | Abyss:2  | Noticed a nagaraja
 30338 | Abyss:2  | Reached skill level 10 in Armour
 30360 | Abyss:2  | Killed a nagaraja
 30491 | Abyss:2  | Gained mutation: Your body sometimes deteriorates upon
                  | taking damage. [a neqoxec]
 30494 | Abyss:2  | Gained mutation: You tend to lose your temper in combat. [a
                  | neqoxec]
 30496 | Abyss:2  | Gained mutation: You are dopey. (Int -2) [a neqoxec]
 30499 | Abyss:2  | Found a corrupted altar of Lugonu.
 30530 | Abyss:2  | Noticed a profane servitor
 30543 | Abyss:2  | Killed a profane servitor
 30585 | Abyss:2  | Lost mutation: Your body sometimes deteriorates upon taking
                  | damage. [potion of mutation]
 30585 | Abyss:2  | Lost mutation: Scrolls take you a little longer to read.
                  | [potion of mutation]
 30585 | Abyss:2  | Lost mutation: You do not regenerate when monsters are
                  | visible. [potion of mutation]
 30585 | Abyss:2  | Gained mutation: Your flesh is cold resistant. (rC+)
                  | [potion of mutation]
 30585 | Abyss:2  | Gained mutation: You have very sharp teeth. [potion of
                  | mutation]
 30585 | Abyss:2  | Lost mutation: You tend to lose your temper in combat.
                  | [potion of mutation]
 30585 | Abyss:2  | Gained mutation: You have a pair of small horns on your
                  | head. [potion of mutation]
 30586 | Abyss:2  | Lost mutation: You have a pair of small horns on your head.
                  | [potion of mutation]
 30586 | Abyss:2  | Gained mutation: Your body sometimes deteriorates upon
                  | taking damage. [potion of mutation]
 30586 | Abyss:2  | Gained mutation: You are resistant to electric shocks.
                  | (rElec) [potion of mutation]
 30627 | Abyss:2  | Noticed a tentacled starspawn
 30637 | Abyss:2  | Killed a tentacled starspawn
 30661 | Abyss:2  | Lost mutation: You are resistant to electric shocks.
                  | (rElec) [potion of mutation]
 30661 | Abyss:2  | Lost mutation: Your flesh is cold resistant. (rC+) [potion
                  | of mutation]
 30661 | Abyss:2  | Gained mutation: Your flesh is very heat resistant. (rF++)
                  | [potion of mutation]
 30661 | Abyss:2  | Gained mutation: You have a pair of small antennae on your
                  | head. [potion of mutation]
 30661 | Abyss:2  | Gained mutation: Your muscles are strong. (Str +2) [potion
                  | of mutation]
 30669 | Abyss:2  | Found a corrupted altar of Lugonu.
 30710 | Abyss:2  | Reached skill level 10 in Invocations
 30747 | Abyss:2  | Reached ****** piety under Makhleb
 30853 | Abyss:2  | Reached skill level 15 in Axes
 30934 | Abyss:2  | Paralysed by accursed screaming for 1 turns
 30948 | Abyss:2  | HP: 5/121 [starcursed mass/accursed screaming (8)]
 30996 | Abyss:2  | Noticed a tentacled starspawn
 31004 | Abyss:2  | Killed a tentacled starspawn
 31040 | Abyss:2  | Noticed a tentacled monstrosity
 31050 | Abyss:2  | Killed a tentacled monstrosity
 31130 | Abyss:2  | Noticed a daeva
 31144 | Abyss:2  | Killed a daeva
 31157 | Abyss:2  | Killed from afar by a ynoxinul

Skill      XL: |  1  2  3  4  5  6  7  8  9 10 11 12 13 14 15 |
---------------+----------------------------------------------+-----
Axes           | 2 3 4 5 6 7 9 10 11 12 13 14 15 | 15.1
Shields        | 3 4 5 6 7 8 9 10 11 | 11.4
Fighting       | 4 5 6 7 8 9 10 11 12 | 12.3
Armour         | 3 4 6 7 8 9 10 | 10.5
Summonings     | 2 4 6 7 8 9 |  9.5
Invocations    | 3 7 9 10 | 10.5

Action                   |  1- 3 |  4- 6 |  7- 9 | 10-12 | 13-15 || total
-------------------------+-------+-------+-------+-------+-------++-------
Melee: War axe           |   127 |   280 |   327 |   688 |   447 ||  1869
       Kick              |       |       |    98 |   197 |   430 ||   725
       Hunting sling     |       |       |    34 |       |       ||    34
       Morningstar       |       |       |       |    24 |    68 ||    92
       Broad axe         |       |       |       |       |   613 ||   613
       Bite              |       |       |       |       |    33 ||    33
 Fire: Hunting sling     |       |       |   172 |       |       ||   172
Throw: Javelin           |       |     1 |    37 |     2 |       ||    40
       Tomahawk          |       |       |    11 |    16 |     4 ||    31
 Cast: Call Canine Famil |       |       |       |       |     1 ||     1
Invok: Lesser Servant of |       |       |       |       |    17 ||    17
       Minor Destruction |       |       |       |       |     4 ||     4
       Major Destruction |       |       |       |       |     4 ||     4
       Greater Servant o |       |       |       |       |     1 ||     1
Evoke: Wand              |       |       |    38 |     7 |    11 ||    56
       Phial of floods   |       |       |       |       |     2 ||     2
  Use: Potion            |     3 |     1 |     1 |     2 |     6 ||    13
       Scroll            |       |     4 |    11 |     5 |     7 ||    27
 Stab: Distracted        |       |       |     2 |     6 |    11 ||    19
       Petrified         |       |       |       |       |     3 ||     3
  Eat: Chunk             |     2 |     7 |    16 |    20 |    20 ||    65
       Ration            |       |     1 |     1 |     5 |     4 ||    11
Armor: Scale mail        |    69 |   120 |    42 |       |       ||   231
       Chain mail        |       |       |   157 |   348 |   543 ||  1048
Dodge: Dodged            |    30 |   107 |   157 |   194 |   305 ||   793
Block: Shield            |    68 |   168 |   241 |   373 |   648 ||  1498
       Reflection        |       |       |       |       |     3 ||     3
